 Dungeon Sprint DCSS version 0.27-a0-1416-g941b2bd30b (webtiles) character file.

Game seed: 13493659630870650093

5 mhtbhm the Digger (level 1, -1/10 HPs)
             Began as a Deep Elf Earth Elementalist on July 1, 2021.
             Slain by a phantom (3 damage)
             ... in the Dungeon (Sprint IX: "|||||||||||||||||||||||||||||").
             The game lasted 00:00:16 (148 turns).

mhtbhm the Digger (Deep Elf Earth Elementalist)      Turns: 148, Time: 00:00:17

Health: -1/10      AC:  2    Str:  5    XL:     1   Next: 66%
Magic:  2/7        EV: 12    Int: 19    God:
Gold:   0          SH:  0    Dex: 15    Spells: 6/7 levels left

rFire    . . .     SeeInvis .   (no weapon)
rCold    . . .     Faith    .   (no shield)
rNeg     . . .     Spirit   .   b - +0 robe
rPois    .         Reflect  .   (no helmet)
rElec    .         Harm     .   (no cloak)
rCorr    .         Rampage  .   (no gloves)
Will     .....     NoTele   +   (no boots)
Stlth    ++........             (no amulet)
HPRegen  0.03/turn              (no ring)
MPRegen  0.10/turn              (no ring)

@: no status effects
A: no striking features
a: no special abilities


You were in the Dungeon.
You visited 1 branch

Inventory:

Missiles
 i - 18 stones
Armour
 b - a +0 robe (worn)
Scrolls
 h - a scroll of blinking
Potions
 c - a potion of curing
 d - a potion of heal wounds
 e - a potion of haste
 f - 2 potions of magic
 g - a potion of berserk rage


   Skills:
 + Level 2.6 Dodging
 + Level 3.1 Stealth
 + Level 3.7 Spellcasting
 + Level 1.1 Transmutations
 + Level 4.3 Earth Magic


You had 6 spell levels left.
You knew the following spells:

 Your Spells              Type           Power      Damage    Failure   Level
a - Sandblast             Erth           38%        2d10      2%          1

Your spell library contained the following spells:

 Spells                   Type           Power      Damage    Failure   Level
 Passwall                 Tmut/Erth      10%        N/A       7%          2
 Stone Arrow              Conj/Erth      22%        3d8       19%         3
 Petrify                  Tmut/Erth      13%        N/A       43%         4
 Lee's Rapid Deconstruct  Erth           9%         3d8*      56%         5


Dungeon Overview and Level Annotations

Branches:
Dungeon (1/1)

Altars:


Message History

Aiming: Sandblast (safe; 2% risk of failure)
Press: ? - help, Shift-Dir - straight line, f/p - phantom
Aim: a phantom (lightly damaged, 71% to hit)
The blast of sand hits the phantom!
The phantom is heavily damaged.
The phantom closely misses you.
Unknown command.
Unknown command.
Casting: Sandblast (safe; 2% risk of failure)
Confirm with . or Enter, or press ? or * to list all spells.
Aiming: Sandblast (safe; 2% risk of failure)
Press: ? - help, Shift-Dir - straight line, f/p - phantom
Aim: a phantom (heavily damaged, 71% to hit)
The blast of sand hits the phantom but does no damage.
The phantom is heavily damaged.
The sky beast flickers out of sight!
Deactivating autopickup; reactivate with Ctrl-A.
The phantom hits you.
Ouch! That really hurt!
Unknown command.
Unknown command.
Casting: Sandblast (safe; 2% risk of failure)
Confirm with . or Enter, or press ? or * to list all spells.
Aiming: Sandblast (safe; 2% risk of failure)
Press: ? - help, Shift-Dir - straight line, f/p - phantom
Aim: a phantom (heavily damaged, 71% to hit)
The blast of sand misses the phantom.
The blast of sand misses the adder.
The blast of sand hits something!
The phantom hits you.
* * * LOW HITPOINT WARNING * * *
Unknown command.
Unknown command.
Casting: Sandblast (safe; 2% risk of failure)
Confirm with . or Enter, or press ? or * to list all spells.
Aiming: Sandblast (safe; 2% risk of failure)
Press: ? - help, Shift-Dir - straight line, f/p - phantom
Aim: a phantom (heavily damaged, 71% to hit)
The blast of sand hits the phantom!
The phantom is severely damaged.
The phantom hits you.
You die... ▓▓▓▓▓▓▓▓▓▓▓▓▓▓▓▓▓▓ +.oZ{SW@..).†..†<▓ ▓▓▓▓▓▓▓▓▓▓▓▓▓▓▓▓▓▓

You could see a phantom, an adder, an orc and a jackal skeleton.

Vanquished Creatures
  A ball python (D)
  A hobgoblin (D)
  2 bats (D)
  A goblin (D)
5 creatures vanquished.

Notes
Turn   | Place    | Note
-------+----------+-------------------------------------------
     0 | D        | mhtbhm the Deep Elf Earth Elementalist began the quest for
                  | the Orb.
     0 | D        | Reached XP level 1. HP: 10/10 MP: 6/6
     9 | D        | Reached skill level 4 in Earth Magic
   143 | D        | Noticed a sky beast
   143 | D        | Noticed a phantom
   148 | D        | Slain by a phantom

Illustrated notes

Levels and vault maps discovered:
D:        linesprint [early_d, line_temple, items_1, d_10, items_2, lair_1,
          lair_end, items_3, orc_1, orc_end, items_4, d_15, swamp_1, shoals_1,
          snake_1, spider_1, d_20, vaults_1, items_5, swamp_end, shoals_end,
          snake_end, spider_end, vaults_end, d_27, items_6, zot_1, zot_end,
          crypt_end, forest_end, elf_end, slime_end, tomb_end, abyss_end,
          pan_hell_end]

Skill      XL: |  1 |
---------------+----+-----
Stealth        | 3 |  3.1
Earth Magic    | 4 |  4.3
Dodging        | |  2.6
Spellcasting   | |  3.7
Transmutations | |  1.1

Action                   || total
-------------------------++-------
 Cast: Sandblast         ||    12
Armor: Robe              ||     1
Dodge: Dodged            ||    10

Table legend: (Time is in decaauts)
 A = Elapsed time spent in this place.
 B = Non-inter-level travel time spent in this place.
 C = Inter-level travel time spent in this place.
 D = Time resting spent in this place.
 E = Time spent auto-exploring this place.
 F = Levels seen in this place.
 G = Mean time per level.
                   A        B        C        D        E       F      G
               +--------+--------+--------+--------+--------+-----+--------+
         Total |    148 |    148 |      0 |    119 |      3 |   1 |  148.0 |
       Dungeon |    148 |    148 |      0 |    119 |      3 |   1 |  148.0 |
               +--------+--------+--------+--------+--------+-----+--------+

Top non-repeatable levels by time:
       D: 148 daAuts
